 Dungeon Crawl Stone Soup version 0.23.2 (webtiles) character file.

Game seed: 9001759486318599809

191 Kairos the Digger (level 5, 0/42 HPs)
             Began as a Deep Dwarf Earth Elementalist on Apr 9, 2019.
             Killed by divine providence
             ... invoked by an orc priest
              (11 damage)
             ... on level 3 of the Dungeon.
             The game lasted 00:06:33 (1413 turns).

Kairos the Digger (Deep Dwarf Earth Elementalist)   Turns: 1413, Time: 00:06:34

Health: 0/42       AC:  6    Str: 11    XL:     5   Next: 41%
Magic:  7/9        EV: 11    Int: 17    God:
Gold:   105        SH:  0    Dex: 13    Spells: 8/9 levels left

rFire    . . .     SeeInvis .   k - +2 whip (venom)
rCold    . . .     Gourm    .   (no shield)
rNeg     . . .     Faith    .   l - +0 ring mail
rPois    .         Spirit   .   q - +0 helmet
rElec    .         Reflect  .   (no cloak)
rCorr    .         Harm     .   (no gloves)
MR       .....                  (no boots)
Stlth    ++........             m - amulet of magic regeneration
HPRegen  0.00/turn              (no ring)
MPRegen  0.36/turn              (no ring)

@: non-regenerating
A: damage resistance, heal wounds, sense surroundings 1, no regeneration
a: Heal Wounds


You were on level 3 of the Dungeon.
You were not hungry.

You visited 1 branch of the dungeon, and saw 3 of its levels.

You collected 105 gold pieces.

Inventory:

Hand Weapons
 i - a +0 mace
 k - a +2 whip of venom (weapon)
Missiles
 b - 53 stones (quivered)
 f - 47 sling bullets
Armour
 c - a +0 robe
 l - a +0 ring mail (worn)
 q - a +0 helmet (worn)
Jewellery
 m - an amulet of magic regeneration (around neck)
Wands
 t - a wand of acid (3)
 v - a wand of flame (18)
Scrolls
 e - a scroll of enchant armour {unknown}
 g - 4 scrolls of remove curse {unknown}
 j - 2 scrolls of identify {unknown}
 n - a scroll of teleportation {unknown}
 p - a scroll of amnesia {unknown}
 s - a scroll of blinking {unknown}
 x - 2 scrolls of random uselessness {unknown}
Potions
 a - a potion of resistance
 h - a potion of flight {unknown}
 o - a potion of might {unknown}
 r - a potion of curing
 u - 2 potions of haste {unknown}
 w - a potion of degeneration {unknown}
Comestibles
 d - 6 rations


   Skills:
 + Level 0.3 Fighting
 + Level 0.4 Maces & Flails
 + Level 0.3 Armour
 + Level 2.4 Dodging
 + Level 2.8 Stealth
 + Level 2.8 Spellcasting
   Level 0.8 Transmutations
 + Level 6.7 Earth Magic


You had 8 spell levels left.
You knew the following spells:

 Your Spells              Type           Power        Failure   Level  Hunger
a - Sandblast             Erth           ####..       2%          1    #......

Your spell library contained the following spells:

 Spells                   Type           Power        Failure   Level  Hunger
 Passwall                 Tmut/Erth      ###.....     14%         2    ##.....
 Stone Arrow              Conj/Erth      ##....       32%         3    ###....
 Lee's Rapid Deconstruct  Erth           ####......   58%         5    ######.
 Petrify                  Tmut/Erth      ###.....     65%         4    #####..


Dungeon Overview and Level Annotations

Branches:
Dungeon (3/15)

Altars:
Ashenzari


Innate Abilities, Weirdness & Mutations

You are resistant to damage.
You can heal yourself by infusing magical energy.
You passively map a small area around you.
You do not regenerate.


Message History

Aim: an orc priest, wielding a -3 flail and wearing a +0 leather armour (heavily wounded)
The blast of sand hits the orc priest.
The orc priest is almost dead.
b - 54 stones The orc priest hits you but does no damage.
You hit the orc priest but do no damage.
The orc priest is almost dead.
The orc priest barely misses you.
Casting: Sandblast (safe; 2% risk of failure)
Confirm with . or Enter, or press ? or * to list all spells.
Aiming: Sandblast (safe; 2% risk of failure)
Press: ? - help, Shift-Dir - straight line, f/p - orc priest
Aim: an orc priest, wielding a -3 flail and wearing a +0 leather armour (almost dead)
The blast of sand misses the orc priest.
b - 53 stones You hit the orc priest.
The orc priest is poisoned.
The orc priest is almost dead.
The orc priest calls down the wrath of Beogh upon you.
Beogh smites you!
You die...

, .....# #..#.###### * , *,
#.#..#####..#....... .
#.#..##............# o.#+
,#.#..##.###........# *
..[., #)#..##.###........#
,.....##)#..##....†.......#
...........######........#
.....##.#..# ##........# ,
.....##.#@.#####..#.######
........#o.##.....#... , *
..............##.###(...*
.....#..#..##.##.# .....
........#..#.....# ##... ,
...!)#.#.........# .(. * *
######.#.#........., , ,
,,, ......#..##..##* * *
.#.#.#..# ..#* ,


You could see an orc priest.

Vanquished Creatures
  Natasha (thrice) (D:2)
  Robin (D:2)
  4 adders (D:2)
  A worm (D:2)
  3 dart slugs
  3 leopard geckos
  2 orcs (D:3)
  6 bats
  3 giant cockroaches
  5 hobgoblins
  2 ball pythons
  2 frilled lizards (D:2)
  10 goblins
  9 kobolds
  4 rats
58 creatures vanquished.

Notes
Turn   | Place    | Note
-------+----------+-------------------------------------------
     0 | D:1      | Kairos the Deep Dwarf Earth Elementalist began the quest
                  | for the Orb.
     0 | D:1      | Reached XP level 1. HP: 15/15 MP: 3/3
   177 | D:1      | Found a shattered altar of Ashenzari.
   189 | D:1      | Reached XP level 2. HP: 8/22 MP: 4/4
   684 | D:2      | Noticed Robin
   697 | D:2      | Reached XP level 3. HP: 15/28 MP: 2/6
   770 | D:2      | Noticed Natasha
   796 | D:2      | Killed Natasha
   796 | D:2      | Reached skill level 5 in Earth Magic
   806 | D:2      | Killed Robin
   806 | D:2      | Reached XP level 4. HP: 12/36 MP: 1/7
  1134 | D:2      | Noticed Natasha
  1140 | D:2      | Killed Natasha
  1140 | D:2      | Reached skill level 6 in Earth Magic
  1140 | D:2      | Reached XP level 5. HP: 12/42 MP: 6/9
  1284 | D:2      | Noticed Natasha
  1287 | D:2      | Killed Natasha
  1413 | D:3      | Killed from afar by an orc priest

Skill      XL: |  1  2  3  4 |
---------------+-------------+-----
Spellcasting   | 2 |  2.8
Earth Magic    | 5 6 |  6.7
Fighting       | |  0.3
Maces & Flails | |  0.4
Armour         | |  0.3
Dodging        | |  2.4
Stealth        | |  2.8
Transmutations | |  0.8

Action                   |  1- 3 |  4- 6 || total
-------------------------+-------+-------++-------
Melee: Club              |     7 |       ||     7
       Mace              |    16 |       ||    16
       Whip              |     7 |     5 ||    12
 Cast: Sandblast         |    34 |    39 ||    73
  Use: Potion            |     2 |       ||     2
  Eat: Chunk             |       |     2 ||     2
Armor: Robe              |     7 |       ||     7
       Ring mail         |     7 |     9 ||    16
Dodge: Dodged            |    30 |    12 ||    42
